 Dungeon Crawl Stone Soup version 0.21.1-1-g345015fe64 (webtiles) character file.

1187 Revguard the Ruffian (level 8, -7/79 HPs)
             Began as a Troll Monk on June 3, 2018.
             Was a Believer of Wu Jian.
             Mangled by an orc warrior
             ... wielding a +0 hand axe
              (21 damage)
             ... on level 6 of the Dungeon on June 4, 2018.
             The game lasted 00:36:40 (4721 turns).

Revguard the Ruffian (Troll Monk)                   Turns: 4721, Time: 00:36:40

Health: -7/79      AC:  7    Str: 24    XL:     8   Next: 19%
Magic:  5/5        EV: 12    Int:  6    God:    Wu Jian [**....]
Gold:   316        SH:  0    Dex: 16    Spells: 7/7 levels left

rFire    . . .     SeeInvis .   m - +3 war axe (antimagic)
rCold    + . .     Gourm    +   (no shield)
rNeg     + . .     Faith    .   q - +2 robe {rN+}
rPois    .         Spirit   .   (helmet restricted)
rElec    .         Reflect  .   (no cloak)
rCorr    .         Harm     .   (gloves unavailable)
MR       .....                  (boots unavailable)
Stlth    ++........             x - amulet of Sen Luo {Gourm rC+ Str+3 Dex+3}
HPRegen  0.63/turn              j - ring of magical power
MPRegen  0.09/turn              (no ring)

@: slowed, very slow
A: large, unfitting armour, claws 3, fast metabolism 3, gourmand, regeneration
1, shaggy fur 1, tough skin 2
a: Wall Jump, Renounce Religion


You were on level 6 of the Dungeon.
You worshipped Wu Jian.
Wu Jian was pleased with you.
You were very full.

You visited 1 branch of the dungeon, and saw 6 of its levels.

You collected 316 gold pieces.

Inventory:

Hand Weapons
 m - a +3 antimagic war axe (weapon)
Missiles
 h - 4 large rocks (quivered)
Armour
 a - a +0 robe
 q - a +2 robe of positive energy (worn)
Magical Staves
 y - an uncursed staff of conjuration
Jewellery
 j - a ring of magical power (left claw)
 v - an uncursed amulet of regeneration
 x - the amulet of Sen Luo (around neck) {Gourm rC+ Str+3 Dex+3}
   (You found it on level 4 of the Dungeon)

   [amulet of the gourmand]

   It allows you to eat raw meat even when not hungry.
   It affects your strength (+3).
   It affects your dexterity (+3).
   It protects you from cold.
 A - a +4 amulet of reflection
Scrolls
 c - a scroll of remove curse
 e - a scroll of immolation {unknown}
 f - a scroll of enchant weapon
 g - a scroll of teleportation {unknown}
 l - a scroll of amnesia {unknown}
 n - a scroll of noise {unknown}
 r - a scroll of enchant armour {unknown}
 t - a scroll of fear {unknown}
 u - 2 scrolls of blinking
Potions
 i - 2 potions of invisibility
 k - a potion of flight
 o - a potion of might {unknown}
 p - a potion of lignification {unknown}
 s - 2 potions of agility
 z - a potion of cancellation {unknown}
Comestibles
 b - 10 rations
 w - 6 chunks of flesh


   Skills:
 * Level 4.4 Fighting
 * Level 4.3 Axes
 + Level 1.0 Throwing
 + Level 4.5 Dodging
 - Level 1.3 Stealth
 - Level 5.2 Unarmed Combat


You had 7 spell levels left.
You didn't know any spells.

Dungeon Overview and Level Annotations

Branches:
Dungeon (6/15)
 Temple: D:4-7

Altars:
Gozag
Okawaru
Qazlal
Wu Jian

Shops:
D:5 ?


Innate Abilities, Weirdness & Mutations

You are too large for most types of armour.
You have claws for hands.
Your metabolism is lightning-fast.
You like to eat raw meat.
Your natural rate of healing is unusually fast.
You are covered in fur. (AC +1)
You have very tough skin. (AC +2)


Message History

You attack the orc wizard from above.
You closely miss the orc wizard.
The orc wizard is moderately wounded.
You attack the orc warrior from above.
You hit the orc warrior but do no damage.
The orc warrior is moderately wounded.
The orc wizard hits you but does no damage.
The orc wizard misses you.
The orc warrior hits you with a hand axe!!
The orc wizard points at you and mumbles some strange words.
The magic dart hits you!
The orc warrior hits you with a hand axe!
* * * LOW HITPOINT WARNING * * *
The orc wizard hits you but does no damage.
The orc warrior hits you with a hand axe!
* * * LOW HITPOINT WARNING * * *
You feel better. The orc wizard hits you with a dagger.
* * * LOW HITPOINT WARNING * * *
The orc wizard misses you.
The orc warrior hits you with a hand axe!!
You die...

#... .<#
..#....########.##.
>
...........(.......
..
..........÷.......
...
#....###)#.#####.
.... #....###÷#.#
.##..#.#.....)(.#
.......#...oo[..#
.......<....@.).#
########........###
#..........#
#..........####
#.....)(.......
######)######## ...
..... '......


You could see an orc warrior and an orc wizard.

Vanquished Creatures
  A sky beast (D:5)
  An ice beast (D:5)
  2 centaurs
  A bullfrog (D:6)
  A water moccasin zombie (D:5)
  A howler monkey (D:6)
  A crimson imp (D:6)
  A hound (D:4)
  3 orc priests
  A gnoll shaman (D:5)
  3 orc wizards
  5 worker ants
  A hound zombie (D:5)
  Robin (D:3)
  8 adders
  5 gnolls (D:5)
  2 oozes (D:3)
  6 worms
  4 leopard geckos
  20 orcs
  5 ball pythons
  7 bats
  4 giant cockroaches
  9 hobgoblins
  10 jackals
  7 kobolds
  2 quokkas (D:3)
  4 frilled lizards
  18 goblins
  7 rats
141 creatures vanquished.

Notes
Turn   | Place    | Note
-------+----------+-------------------------------------------
     0 | D:1      | Revguard the Troll Monk began the quest for the Orb.
     0 | D:1      | Reached XP level 1. HP: 22/22 MP: 0/0
    30 | D:1      | Reached XP level 2. HP: 27/29 MP: 1/1
   682 | D:1      | Reached XP level 3. HP: 36/36 MP: 2/2
  1182 | D:2      | Found an iron altar of Okawaru.
  1254 | D:2      | Reached XP level 4. HP: 44/44 MP: 3/3
  1633 | D:3      | Reached skill level 4 in Unarmed Combat
  1891 | D:3      | Reached skill level 1 in Throwing
  2029 | D:3      | Reached XP level 5. HP: 52/52 MP: 4/4
  2069 | D:3      | Noticed Robin
  2073 | D:3      | Found a stormy altar of Qazlal.
  2123 | D:3      | Killed Robin
  2772 | D:4      | Reached XP level 6. HP: 57/61 MP: 5/5
  2901 | D:4      | Found an opulent altar of Gozag.
  2999 | D:4      | Reached skill level 5 in Unarmed Combat
  3240 | D:4      | Reached skill level 1 in Axes
  3266 | D:4      | Got a brightly glowing steel amulet
  3269 | D:4      | Identified the amulet of Sen Luo {Gourm rC+ Str+3 Dex+3} (You found it on level 4 of the Dungeon)
  3391 | D:5      | Entered Level 5 of the Dungeon
  3393 | D:5      | Found Itauxyowou's Magic Scroll Boutique.
  3584 | D:5      | Noticed an ice beast
  3591 | D:5      | Killed an ice beast
  3591 | D:5      | Reached XP level 7. HP: 64/68 MP: 5/6
  4052 | D:5      | HP: 3/70 [gnoll/flail (8)]
  4133 | D:5      | Found an ornate altar of the Wu Jian Council.
  4190 | D:5      | Became a worshipper of the Wu Jian Council
  4190 | D:5      | Reached * piety under Wu Jian
  4190 | D:5      | Reached ** piety under Wu Jian
  4624 | D:6      | Reached XP level 8. HP: 60/78 MP: 5/7
  4721 | D:6      | Mangled by an orc warrior

Skill      XL: |  1  2  3  4  5  6  7  8 |
---------------+-------------------------+-----
Dodging        | 3 4 |  4.5
Unarmed Combat | 4 5 |  5.2
Throwing       | 1 |  1.0
Fighting       | 3 4 |  4.4
Axes           | 1 3 4 |  4.3
Stealth        | |  1.3

Action                   |  1- 3 |  4- 6 |  7- 9 || total
-------------------------+-------+-------+-------++-------
Melee: Unarmed           |    65 |   183 |       ||   248
       Punch             |       |     5 |     3 ||     8
       War axe           |       |    38 |   105 ||   143
Throw: Large rock        |    11 |     7 |       ||    18
Invok: Lunge             |       |       |     4 ||     4
       Whirlwind         |       |       |    16 ||    16
       Wall Jump         |       |       |     4 ||     4
  Use: Potion            |       |     2 |     4 ||     6
       Scroll            |       |     2 |     2 ||     4
 Stab: Sleeping          |     2 |     3 |     1 ||     6
       Invisible         |       |     1 |       ||     1
  Eat: Chunk             |    17 |    20 |    12 ||    49
Armor: Robe              |    32 |    82 |    38 ||   152
Dodge: Dodged            |    41 |   130 |    78 ||   249
